 Dungeon Sprint DCSS version 0.17-a0-2007-g96ac4c4 (webtiles) character file.

431 Ordine the Unseen (level 6, -6/28 HPs)
             Began as a Spriggan Enchanter on Oct 9, 2015.
             Was an Initiate of Dithmenos.
             Killed from afar by a ynoxinul (15 damage)
             ... with an iron shot
             ... summoned by a kobold demonologist
             ... in the Dungeon (Sprint I: "Red Sonja").
             The game lasted 00:04:33 (377 turns).

Ordine the Unseen (Spriggan Enchanter)               Turns: 377, Time: 00:04:33

Health: -6/28      AC:  3    Str:  4    XL:     6   Next: 66%
Magic:  5/11       EV: 18    Int: 19    God:    Dithmenos [......]
Gold:   270        SH:  0    Dex: 16    Spells: 3 memorised, 4 levels left

rFire  . . .     SeeInvis +     a - +1 dagger
rCold  . . .     Clarity  .     b - +1 robe
rNeg   . . .     SustAt   .     (shield restricted)
rPois  .         Gourm    .     (helmet restricted)
rElec  .         Spirit   .     (no cloak)
rCorr  .         Warding  .     (gloves unavailable)
rMut   .         NoTele   +     (boots unavailable)
MR     +....                    (no amulet)
Stlth  ++++++++..               (no ring)
                                (no ring)

@: lethally poisoned (-6 -> -22), weakened, very quick, somewhat resistant to
hostile enchantments, extraordinarily stealthy
A: unfitting armour, see invisible, herbivore 3, speed 3, slow metabolism 2
a: Renounce Religion


You were in the Dungeon.
You worshipped Dithmenos.
Dithmenos was noncommittal.
You were not hungry.

You visited 1 branch You collected 270 gold pieces.

Inventory:

Hand Weapons
 a - a +1 dagger (weapon)
Armour
 b - a +1 robe (worn)
Scrolls
 j - a scroll of blinking
Potions
 e - a potion of curing
 f - a potion of heal wounds
 g - a potion of haste
 h - 2 potions of magic
 i - a potion of berserk rage
Books
 c - a book of Maledictions

   Spells                             Type                      Level
   a - Corona                         Hexes                        1
   b - Ensorcelled Hibernation        Hexes/Ice                    2
   c - Confuse                        Hexes                        3
   d - Tukima's Dance                 Hexes                        3
   e - Dazzling Spray                 Conjuration/Hexes            3
Comestibles
 d - a bread ration


   Skills:
 - Level 6.5 Short Blades
 - Level 3.0 Dodging
 + Level 18.7 Stealth
 - Level 2.6 Spellcasting
 - Level 3.6 Hexes


You had 4 spell levels left.
You knew the following spells:

 Your Spells              Type           Power        Failure   Level  Hunger
a - Corona                Hex            ###....      4%          1    None
b - Ensorcelled Hibernat  Hex/Ice        #.....       14%         2    ##.....
c - Confuse               Hex            ###.....     12%         3    ###....


Dungeon Overview and Level Annotations

Branches:
Dungeon (1/1)

Altars:
Cheibriados
Dithmenos
Fedhas
Jiyva


Innate Abilities, Weirdness & Mutations

You are tiny and cannot use many weapons and most armour.
You have supernaturally acute eyesight.
You are a herbivore.
You cover ground extremely quickly.
You need consume almost no food.


Message History

The ynoxinul closely misses you.
You hit the kobold demonologist.
The kobold demonologist is lightly wounded.
The kobold demonologist hits you but does no damage.
The orange demon barely misses you. The ynoxinul gestures at you.
The iron shot misses you.
You closely miss the kobold demonologist.
The kobold demonologist is lightly wounded.
The kobold demonologist misses you.
You closely miss the kobold demonologist.
The kobold demonologist is lightly wounded.
The orange demon stings you from afar.
You are lethally poisoned!
The orange demon poisons you!
You feel your attacks grow feeble. The ynoxinul gestures at you.
The iron shot hits you!
Ouch! That really hurt!
You die...

##########################
#<.#..'..#K45..#__#..3G..#
#..'..#.)@3K#5.'..'K.#...#
#..#####'#####+#__####...+
#..# #..# #### #### #..#
#### #..# #⌠⌠# ####


You could see an orange demon, 2 kobold demonologists, a ynoxinul and a white
imp.

Vanquished Creatures
  A slime creature (D)
  Sigmund (D)
  An ogre (D)
  Ijyb (D)
4 creatures vanquished.

Notes
Turn   | Place    | Note
--------------------------------------------------------------
     0 | D        | Ordine the Spriggan Enchanter began the quest for the Orb.
     0 | D        | Reached XP level 1. HP: 9/9 MP: 5/5
     2 | D        | Noticed Ijyb
    38 | D        | Killed Ijyb
    38 | D        | Reached skill level 6 in Short Blades
    38 | D        | Reached XP level 2. HP: 4/13 MP: 6/6
    42 | D        | Learned a level 2 spell: Ensorcelled Hibernation
   249 | D        | Noticed an ogre
   252 | D        | Killed an ogre
   252 | D        | Reached skill level 11 in Stealth
   252 | D        | Reached XP level 3. HP: 16/16 MP: 8/8
   252 | D        | Reached XP level 4. HP: 21/21 MP: 9/9
   259 | D        | Learned a level 3 spell: Confuse
   261 | D        | Noticed Sigmund
   264 | D        | Killed Sigmund
   264 | D        | Reached skill level 16 in Stealth
   264 | D        | Reached XP level 5. HP: 24/24 MP: 10/10
   264 | D        | Reached XP level 6. HP: 28/28 MP: 11/11
   301 | D        | Found a snail-covered altar of Cheibriados.
   301 | D        | Found a viscous altar of Jiyva.
   301 | D        | Found a shadowy altar of Dithmenos.
   301 | D        | Found a blossoming altar of Fedhas.
   301 | D        | Noticed a slime creature
   304 | D        | Killed a slime creature
   304 | D        | Reached skill level 18 in Stealth
   309 | D        | Became a worshipper of Dithmenos the Shadowed
   322 | D        | Noticed a kobold demonologist
   323 | D        | Noticed a kobold demonologist
   326 | D        | Paralysed by a giant eyeball for 4 turns
   334 | D        | Noticed a chaos spawn
   366 | D        | Noticed an orange demon
   373 | D        | Noticed a ynoxinul
   377 | D        | Killed from afar by a ynoxinul

Vault maps used:
D:        dungeon_sprint_1

Action                   |  1- 3 |  4- 6 || total
-------------------------+-------+-------++-------
Melee: Dagger            |    36 |    25 ||    61
 Cast: Ensorcelled Hiber |       |     4 ||     4
 Stab: Sleeping          |     1 |     2 ||     3
